AoeStats
← 啊超

QS Arena

503416759Analyzed
3v3 RM · 1mo ago on Aug 31, 2026· 46m 9s· 6 players
Game mode
Random Map
Map size
Normal (6 player)
Population
200
Speed
Normal
Resources
Standard
Victory
Conquest
Starting age
Dark Age
Ending age
Imperial Age
RankedLock teamsTeams togetherTeam positionsShared explorationLock speedFull tech treeHidden civsTurbo modeCheats
Victory
Defeat
🇨🇳 Lithuanians · China
1243
+11
🇨🇳 Goths · China
1136
+16
🇫🇷 Slavs · France
1131
+16
🇻🇳 Wei · Vietnam
1162
-16
🇻🇳 Britons · Vietnam
1161
-16
🇦🇺 Franks · Australia
1074
-12
Beaumains
7:18 Feudal Age
15:03 Castle Age
13:12 Double-Bit Axe
13:51 Stone Mining
14:28 Gold Mining
14:40 Horse Collar
16:57 Wheelbarrow
16:42 Bow Saw
18:22 Loom
19:20 Town Watch
22:35 Wheelbarrow
22:36 Light Cavalry
23:27 Bloodlines
24:32 Hand Cart
26:25 Gold Shaft Mining
25:57 Caravan
30:28 Imperial Age
28:15 Heavy Plow
28:44 Masonry
28:54 Scale Mail Armor
28:25 Man-at-Arms
29:27 Pikeman
30:07 Squires
29:28 Long Swordsman
30:39 Husbandry
30:20 Elite Skirmisher
32:26 Two-Man Saw
30:56 Capped Ram
31:41 Hussar
34:14 Elite Boyar
35:09 Halberdier
38:19 Padded Archer Armor
38:34 Chain Mail Armor
38:30 Forging
39:01 Crop Rotation
40:19 Fletching
44:28 Hoardings
44:36 Sappers
45:43 Scale Barding Armor
啊超
8:40 Feudal Age
12:42 Castle Age
10:49 Double-Bit Axe
10:58 Horse Collar
24:35 Bow Saw
24:20 Gold Mining
27:09 Imperial Age
24:56 Stone Mining
25:22 Forging
25:47 Loom
26:08 Heavy Plow
26:23 Anarchy
26:09 Pikeman
26:55 Scale Mail Armor
27:07 Squires
28:16 Iron Casting
27:22 Halberdier
29:04 Wheelbarrow
30:27 Chemistry
31:32 Crop Rotation
32:17 Perfusion
32:28 Elite Huskarl
35:41 Blast Furnace
34:57 Chain Mail Armor
36:11 Padded Archer Armor
36:41 Ballistics
35:47 Elite Skirmisher
37:52 Man-at-Arms
38:53 Fletching
39:04 Padded Archer Armor
LY
0:35 Loom
8:46 Feudal Age
12:53 Castle Age
11:02 Double-Bit Axe
11:24 Gold Mining
11:32 Horse Collar
12:03 Stone Mining
15:15 Bow Saw
15:29 Fervor
17:15 Heavy Plow
21:42 Wheelbarrow
20:55 Town Watch
26:37 Imperial Age
25:08 Forging
25:12 Bloodlines
26:19 Scale Barding Armor
26:50 Iron Casting
26:19 Husbandry
27:27 Chain Barding Armor
26:58 Fletching
29:10 Two-Man Saw
28:35 Conscription
29:21 Plate Barding Armor
28:54 Bodkin Arrow
30:33 Chemistry
30:33 Crop Rotation
29:33 Cavalier
31:09 Hand Cart
34:00 Paladin
37:27 Ballistics
44:46 Town Patrol
thetoaninfo
6:32 Feudal Age
6:59 Double-Bit Axe
7:02 Horse Collar
9:05 Gold Mining
11:47 Loom
14:43 Castle Age
13:05 Stone Mining
14:28 Fletching
15:38 Bow Saw
16:12 Padded Archer Armor
18:28 Bodkin Arrow
21:39 Wheelbarrow
20:55 Town Watch
26:04 Imperial Age
23:42 Treadmill Crane
24:32 Heavy Plow
25:36 Leather Archer Armor
26:35 Ballistics
26:44 Thumb Ring
27:27 Hand Cart
28:19 Parthian Tactics
29:21 Chemistry
28:55 Conscription
29:13 Bracer
30:01 Ring Archer Armor
30:03 Masonry
30:31 Murder Holes
30:54 Scale Barding Armor
34:21 Forging
34:32 Chain Barding Armor
35:34 Husbandry
35:45 Bloodlines
34:55 Heavy Hei Guang Cavalry
36:29 Iron Casting
36:27 Tuntian
36:53 Ming Guang Armor
38:46 Blast Furnace
ToKhin
8:20 Feudal Age
14:44 Castle Age
14:01 Double-Bit Axe
16:15 Stone Mining
18:14 Loom
19:34 Wheelbarrow
27:51 Imperial Age
25:38 Bow Saw
26:00 Scale Mail Armor
26:28 Fletching
26:40 Padded Archer Armor
26:51 Forging
27:19 Gold Mining
28:07 Hand Cart
29:20 Bodkin Arrow
28:53 Pikeman
31:10 Gold Mining
31:49 Ballistics
31:42 Masonry
31:28 Murder Holes
34:13 Iron Casting
33:55 Chain Mail Armor
33:41 Bracer
33:58 Leather Archer Armor
36:03 Hoardings
37:46 Yeomen
37:42 Squires
38:48 Blast Furnace
38:36 Crossbowman
40:39 Chemistry
40:11 Architecture
40:59 Elite Skirmisher
41:01 Arbalester
44:53 Plate Mail Armor
TinTin
4:30 Loom
7:19 Feudal Age
9:30 Loom
12:48 Castle Age
11:01 Double-Bit Axe
12:59 Gold Mining
14:16 Bow Saw
18:56 Husbandry
19:26 Scale Barding Armor
20:18 Wheelbarrow
23:25 Chain Barding Armor
28:40 Imperial Age
26:24 Forging
27:17 Hand Cart
28:23 Iron Casting
28:48 Town Watch
28:48 Cavalier
30:04 Plate Barding Armor
30:30 Blast Furnace
30:56 Blast Furnace
30:02 Chivalry
31:37 Conscription
33:07 Gold Shaft Mining
32:24 Stone Mining
34:05 Paladin
36:13 Chemistry
38:20 Fletching
38:58 Bodkin Arrow
39:03 Light Cavalry
41:10 Padded Archer Armor
41:15 Scale Mail Armor
41:38 Ballistics
41:25 Siege Engineers
41:30 Masonry
45:55 Chain Mail Armor
Connection lost

Rejoining the realm…

Still unreachable

The connection could not be restored.

Session expired

The server has moved on; the page needs a fresh start.